 Dungeon Crawl Stone Soup version 0.29-a0-887-gcbe080d7e0 (webtiles) character file.

Game seed: 18196444135304205466

81 nicolae the Changer (level 4, -1/41 HPs)
             Began as an Ogre Transmuter on July 22, 2022.
             Slain by a goblin
             ... wielding a +0 dagger
             ... led by Robin
              (3 damage)
             ... on level 3 of the Dungeon.
             The game lasted 00:04:16 (2175 turns).

nicolae the Changer (Ogre Transmuter)               Turns: 2175, Time: 00:04:16

Health: -1/41      AC:  3    Str: 12 (14) XL:     4   Next: 42%
Magic:  6/7        EV:  9    Int: 15 (16) God:
Gold:   142        SH:  0    Dex:  8 (9)  Spells: 4/7 levels left

rFire   . . .      SeeInvis .     - Unarmed
rCold   . . .      Faith    .   (no shield)
rNeg    . . .      Spirit   .   a - +0 robe
rPois   .          Reflect  .   (helmet restricted)
rElec   .          Harm     .   (no cloak)
rCorr   .          Rampage  .   (gloves unavailable)
Will    +....                   (boots unavailable)
Stlth   +.........              (no amulet)
HPRegen 0.13/turn               i - ring of willpower
MPRegen 0.10/turn               (no ring)

@: wereblooded (expiring)
A: large, unfitting armour, tough skin 1
a: no special abilities


You were on level 3 of the Dungeon.
You visited 1 branch of the dungeon, and saw 3 of its levels.

You collected 142 gold pieces.

Inventory:

Armour
 a - a +0 robe (worn)
Jewellery
 i - a ring of willpower (left hand)
Scrolls
 h - a scroll of fog {unknown}
 j - a scroll of teleportation {unknown}
 k - 2 scrolls of identify {unknown}
 l - a scroll of silence {unknown}
 n - a scroll of vulnerability {unknown}
 o - a scroll of torment {unknown}
Potions
 b - a potion of lignification
 c - 2 potions of degeneration
 d - a potion of magic {unknown}
 e - a potion of invisibility {unknown}
 f - 2 potions of mutation {unknown}
 g - a potion of might {unknown}
 m - a potion of curing {unknown}


   Skills:
 - Level 1.3 Fighting
 - Level 1.7 Dodging
 - Level 2.6 Unarmed Combat
 - Level 2.4 Spellcasting
 + Level 4.1 Transmutations


You had 4 spell levels left.
You knew the following spells:

 Your Spells              Type           Power      Damage    Failure   Level
a - Beastly Appendage     Tmut           28%        N/A       3%          1
b - Wereblood             Tmut           14%        N/A       6%          2

Your spell library contained the following spells:

 Spells                   Type           Power      Damage    Failure   Level
 Spider Form              Tmut/Pois      8%         N/A       26%         3
 Ozocubu's Armour         Ice            1%         N/A       54%         3
 Ice Form                 Ice/Tmut       8%         N/A       65%         4
 Ozocubu's Refrigeration  Ice            0%         4d5       100%        7


Dungeon Overview and Level Annotations

Branches:
Dungeon (3/15)

Altars:

Shops:
D:1 [

Annotations:
D:3 Robin


Innate Abilities, Weirdness & Mutations

You are too large for most types of armour.
You have tough skin. (AC +1)


Message History

Robin is heavily wounded.
The endoplasm freezes you.
You are frozen.
Robin hits you with a +0 short sword. The goblin hits you but does no damage.
You hit Robin.
Robin is severely wounded.
You howl as the wereblood boils in your veins!
The endoplasm freezes you.
You are frozen.
The goblin hits you with a +0 dagger. Robin closely misses you.
You completely miss Robin.
Robin is severely wounded.
The endoplasm freezes you.
You are frozen.
Robin hits you with a +0 short sword. The goblin hits you with a +0 dagger.
You hit Robin but do no damage.
Robin is severely wounded.
The endoplasm freezes you.
You are frozen.
The goblin hits you with a +0 dagger.
* * * LOW HITPOINT WARNING * * *
Robin hits you with a +0 short sword.
* * * LOW HITPOINT WARNING * * *
You hit Robin but do no damage.
Robin is severely wounded.
Your primal bloodlust is almost over.
The endoplasm freezes you.
You are frozen.
* * * LOW HITPOINT WARNING * * *
The goblin misses you. Robin hits you with a +0 short sword.
* * * LOW HITPOINT WARNING * * *
It was a potion of degeneration.
There was something very wrong with that liquid.
You feel weakened.
You feel dopey.
You feel clumsy.
You howl as the wereblood boils in your veins!
The endoplasm freezes you.
You are frozen.
* * * LOW HITPOINT WARNING * * *
Robin hits you with a +0 short sword.
* * * LOW HITPOINT WARNING * * *
The goblin hits you with a +0 dagger.
You die...

#.# #.# #.#
#.# #.# ###
#####.##...#
#...J.g....#
#@# #g###
#...# ###
###.###..
#[##.### #
#......#.#
####.#.#.#
##...# ##<##


You could see Robin, an endoplasm and a goblin (strong).

Vanquished Creatures
  A hound (D:3)
  A worm (D:2)
  3 dart slugs
  An orc (D:3)
  3 endoplasms
  9 goblins
  6 hobgoblins
  2 quokkas (D:2)
  3 ball pythons
  3 bats
  6 kobolds
  3 rats (D:2)
41 creatures vanquished.

Notes
Turn   | Place    | Note
-------+----------+-------------------------------------------
     0 | D:1      | nicolae the Ogre Transmuter began the quest for the Orb.
     0 | D:1      | Reached XP level 1. HP: 19/19 MP: 3/3
    19 | D:1      | Reached skill level 2 in Transmutations
   131 | D:1      | Found Muvaab's Antique Armour Shoppe.
   442 | D:1      | Reached XP level 2. HP: 14/27 MP: 3/5
   956 | D:2      | Learned a level 2 spell: Wereblood
  1086 | D:2      | Reached skill level 3 in Transmutations
  1133 | D:2      | Reached XP level 3. HP: 25/33 MP: 6/6
  1729 | D:2      | Found a faded altar of an unknown god.
  1969 | D:3      | Reached XP level 4. HP: 19/41 MP: 7/7
  2147 | D:3      | Noticed Robin
  2153 | D:3      | Reached skill level 4 in Transmutations
  2175 | D:3      | HP: 2/41 [Robin/+0 short sword (1)]
  2175 | D:3      | Slain by a goblin

Illustrated notes

Levels and vault maps discovered:
D:1:      matt_arrival_diagonals, layout_loops_cross, serial_shops,
          shop_fountains
D:2:      layout_basic, shapermc_ecumenical_altar_hornbeckon, minivault_14
D:3:      layout_loops_ring, mainiacjoe_overflow_alcove_2, uniq_robin

Skill      XL: |  1  2  3  4 |
---------------+-------------+-----
Transmutations | 2 3 4 |  4.1
Fighting       | |  1.3
Dodging        | |  1.7
Unarmed Combat | |  2.6
Spellcasting   | |  2.4

Action                   |  1- 3 |  4- 6 || total
-------------------------+-------+-------++-------
Melee: Unarmed           |    85 |    31 ||   116
       Kick              |    12 |     3 ||    15
       Punch             |     2 |       ||     2
       Headbutt          |     7 |     1 ||     8
 Cast: Beastly Appendage |    20 |     1 ||    21
       Wereblood         |       |     1 ||     1
  Use: Potion            |       |     1 ||     1
Armor: Robe              |    20 |    11 ||    31
Dodge: Dodged            |    37 |    19 ||    56

Table legend: (Time is in decaauts)
 A = Elapsed time spent in this place.
 B = Non-inter-level travel time spent in this place.
 C = Inter-level travel time spent in this place.
 D = Time resting spent in this place.
 E = Time spent auto-exploring this place.
 F = Levels seen in this place.
 G = Mean time per level.
                   A        B        C        D        E       F      G
               +--------+--------+--------+--------+--------+-----+--------+
         Total |   2175 |   2088 |     87 |    183 |   1611 |   3 |  725.0 |
       Dungeon |   2175 |   2088 |     87 |    183 |   1611 |   3 |  725.0 |
               +--------+--------+--------+--------+--------+-----+--------+

Top non-repeatable levels by time:
     D:2: 1071 daAuts
     D:1: 887 daAuts
     D:3: 217 daAuts
